AoeStats
← 17_Neo_

Arabia

507967019Analyzed
1v1 RM · 12d ago on Sep 20, 2026· 26m 5s· 2 players
Game mode
Random Map
Map size
Tiny (2 player)
Population
200
Speed
Normal
Resources
Standard
Victory
Conquest
Starting age
Dark Age
Ending age
Imperial Age
RankedLock teamsTeams togetherTeam positionsShared explorationLock speedFull tech treeHidden civsTurbo modeCheats
Victory
Defeat
🇨🇴 Slavs · Colombia
1661
+15
🇦🇷 Britons · Argentina
1634
-15
griego
6:38 Loom
8:50 Feudal Age
9:34 Double-Bit Axe
16:58 Wheelbarrow
21:03 Castle Age
19:59 Gold Mining
20:01 Fletching
20:10 Horse Collar
21:09 Crossbowman
21:57 Bodkin Arrow
23:15 Bow Saw
17_Neo_
7:26 Loom
9:59 Feudal Age
10:37 Double-Bit Axe
10:33 Horse Collar
19:31 Castle Age
17:54 Gold Mining
18:30 Bloodlines
20:01 Scale Barding Armor
21:06 Forging
22:05 Town Watch
24:03 Chain Barding Armor
Connection lost

Rejoining the realm…

Still unreachable

The connection could not be restored.

Session expired

The server has moved on; the page needs a fresh start.